AoeStats
← chyichyi

Arena

510271179Analyzed
1v1 RM · 17h ago on Sep 30, 2026· 21m 14s· 2 players
Game mode
Random Map
Map size
Tiny (2 player)
Population
200
Speed
Normal
Resources
Standard
Victory
Conquest
Starting age
Dark Age
Ending age
Imperial Age
RankedLock teamsTeams togetherTeam positionsShared explorationLock speedFull tech treeHidden civsTurbo modeCheats
Victory
Defeat
🇹🇼 Celts · Taiwan
883
+17
🇨🇳 Spanish · China
906
-48
chyichyi
10:38 Feudal Age
14:40 Castle Age
12:36 Double-Bit Axe
12:40 Horse Collar
13:41 Gold Mining
16:29 Loom
16:33 Gambesons
16:44 Man-at-Arms
19:11 Wheelbarrow
18:38 Arson
20:06 Scale Mail Armor
21:25 Forging
抖音小卢解说
11:46 Feudal Age
15:53 Castle Age
14:35 Double-Bit Axe
14:38 Horse Collar
18:45 Bow Saw
19:03 Heavy Plow
19:41 Fletching
19:53 Padded Archer Armor
Connection lost

Rejoining the realm…

Still unreachable

The connection could not be restored.

Session expired

The server has moved on; the page needs a fresh start.